 Dungeon Crawl Stone Soup version 0.29.0-11-gd7f09526c8 (webtiles) character file.

Game seed: 334045378332226848

15426 sanka the Grappler (level 12, -1/126 HPs)
             Began as a Troll Monk on Sept 2, 2022.
             Was the Champion of Okawaru.
             Shot with an arrow by Nessos (6 damage)
             ... on level 12 of the Dungeon.
             The game lasted 00:18:02 (10631 turns).

sanka the Grappler (Troll Monk)                    Turns: 10631, Time: 00:18:02

Health: -1/126     AC: 18    Str: 26    XL:     12   Next: 1%
Magic:  12/15      EV: 16    Int:  6    God:    Okawaru [******]
Gold:   636        SH:  0    Dex: 12    Spells: 11/11 levels left

rFire   . . .      SeeInvis .     - Unarmed
rCold   . . .      Faith    .   (no shield)
rNeg    . . .      Spirit   .   F - +0 acid dragon scales
rPois   .          Reflect  .   C - +2 hat
rElec   .          Harm     .   B - +2 cloak
rCorr   +          Rampage  .   (gloves unavailable)
Will    .....                   (boots unavailable)
Stlth   +++.......              (no amulet)
HPRegen 1.11/turn               y - +4 ring of evasion
MPRegen 0.14/turn               d - +4 ring of protection

@: lethally poisoned (-1 -> -14), heroic
A: large, unfitting armour, claws 3, regeneration 1, shaggy fur 1, tough skin 1
a: Renounce Religion, Heroism, Finesse, Duel


You were on level 12 of the Dungeon.
You worshipped Okawaru.
Okawaru was exalted by your worship.
You visited 2 branches of the dungeon, and saw 13 of its levels.

You collected 1896 gold pieces.
You spent 1260 gold pieces at shops.


Innate Abilities, Weirdness & Mutations

You are too large for most types of armour.
You have claws for hands.
Your natural rate of healing is unusually fast.
You are covered in fur. (AC +1)
You have tough skin. (AC +1)


   Skills:
 + Level 10.1(15.1) Fighting
 - Level 2.4(7.4) Dodging
 - Level 1.0(6.0) Stealth
 + Level 14.9(19.9) Unarmed Combat
 + Level 5.4 Invocations


You had 11 spell levels left.
You didn't know any spells.
Your spell library contained the following spells:

 Spells                   Type           Power      Damage    Failure   Level
 Freeze                   Ice            0%         1d3       52%         1
 Shock                    Conj/Air       0%         1d3       52%         1
 Blink                    Tloc           0%         N/A       65%         2
 Ensorcelled Hibernation  Hex/Ice        0%         N/A       65%         2
 Passwall                 Tmut/Erth      0%         N/A       65%         2
 Frozen Ramparts          Ice            0%         1d1       87%         3
 Lesser Beckoning         Tloc           0%         N/A       87%         3
 Swiftness                Air            0%         N/A       87%         3
 Airstrike                Air            0%         2d(0-16)  99%         4
 Hailstorm                Conj/Ice       0%         3d3       99%         4
 Ice Form                 Ice/Tmut       0%         N/A       99%         4
 Manifold Assault         Tloc           0%         N/A       100%        5
 Summon Ice Beast         Ice/Summ       Unusable   N/A       N/A         4

Inventory:

Hand Weapons
 b - a +7 scimitar of flaming
Missiles
 a - 2 large rocks {=f}
Armour
 f - the quicksilver dragon scales of Jigsaw {rPois Will+ rCorr Slay-5 SInv}

   Slay:      It affects your accuracy & damage with ranged weapons and melee
   (-5).
   rPois:     It protects you from poison.
   SInv:      It lets you see invisible.
   rCorr:     It protects you from acid and corrosion.
   Will:      It increases your willpower.
 B - a +2 cloak (worn)
 C - a +2 hat (worn)
 D - a scarf of harm
 E - a +0 troll leather armour
 F - +0 acid dragon scales (worn)
Jewellery
 d - a +4 ring of protection (right claw)
 y - a +4 ring of evasion (left claw)
Wands
 l - a wand of iceblast (10)
 p - a wand of charming (4)
 G - a wand of acid (4)
Scrolls
 c - 4 scrolls of noise {!r}
 e - a scroll of vulnerability {!r}
 j - 4 scrolls of teleportation {@r4}
 k - 2 scrolls of blinking
 m - 2 scrolls of torment {!r}
 n - 3 scrolls of fear
 o - 4 scrolls of butterflies
 s - a scroll of immolation {!r}
 A - 2 scrolls of enchant armour
 H - a scroll of silence {unknown}
 I - a scroll of poison {unknown}
Potions
 g - 7 potions of curing {@q1}
 h - 2 potions of lignification {!q}
 i - 4 potions of flight
 r - a potion of brilliance {unknown}
 t - 2 potions of mutation {unknown}
 u - 3 potions of attraction {unknown}
 v - 4 potions of haste {unknown}
 w - 2 potions of ambrosia
 x - 2 potions of might {unknown}
 z - a potion of invisibility {unknown}

Dungeon Overview and Level Annotations

Branches:
Dungeon (12/15)            Temple (1/1) D:7            Lair (0/5) D:10
    Orc (0/2) D:10

Altars:
Ashenzari
Cheibriados
Dithmenos
Elyvilon
Fedhas
Gozag
Hepliaklqana
Kikubaaqudgha
Makhleb
Nemelex Xobeh
Okawaru
Qazlal
Ru
Sif Muna
Trog
Uskayaw
Vehumet
Wu Jian
Xom
Yredelemnul
Zin
The Shining One

Shops:
D:1 !   D:2 ?   D:5 =:

Annotations:
D:10 exclusion: downstairs
D:12 Nessos

▒.▒ ▒.▒ ▒.▒ ▒▒▒▒▒▒▒.▒
▒ ▒.......▒ ▒▒.
▒.▒▒▒...▒ ▒▒.^. ▒.▒
▒.▒.▒▒
▒....#▒▒▒▒.▒▒▒.)..▒▒▒▒
......††.T...........+
..c....).▒▒▒▒▒....▒▒▒▒
.........▒ ▒....▒
▒▒▒...▒▒▒▒ ▒▒▒▒.▒ ▒...
▒.▒ ▒... ▒.▒ ▒ ▒▒. ▒.▒
▒ ▒. ▒.▒ ▒ ▒.▒ ▒▒


You could see Nessos.


Message History

Unknown command.
The hell hound barely misses you. The hell hound bites you.
* * * LOW HITPOINT WARNING * * *
You see here a hell hound corpse.
You mangle the hell hound!!
You kill the hell hound!
Okawaru accepts your kill.
Nessos the Markscentaur comes into view.
They are wearing a +2 barding of cold resistance.
Nessos wields a +3 longbow of flaming.
It bursts into flame!
Nessos shoots an arrow.
The arrow hits you!
* * * LOW HITPOINT WARNING * * *
The arrow burns you.
You are poisoned.
* * * LOW HITPOINT WARNING * * *
As you read the scroll of fear, it crumbles to dust.
You assume a fearsome visage.
Nessos looks frightened!
You feel very sick.
Nessos casts a spell.
Nessos blinks!
You feel very sick.
Nessos shoots an arrow.
The arrow hits you!
* * * LOW HITPOINT WARNING * * *
The arrow burns you.
You are lethally poisoned!
You die...

Action                   |  1- 3 |  4- 6 |  7- 9 | 10-12 || total
-------------------------+-------+-------+-------+-------++-------
Melee: Unarmed           |    67 |   125 |   223 |   315 ||   730
       Punch             |     1 |     1 |    16 |    32 ||    50
       Scimitar          |       |       |       |     9 ||     9
Invok: Heroism           |       |       |     1 |    11 ||    12
  Use: Scroll            |     2 |     1 |     3 |    10 ||    16
       Potion            |       |       |     4 |     2 ||     6
 Stab: Sleeping          |     1 |     2 |     3 |       ||     6
Armor: Robe              |    13 |    51 |    34 |    50 ||   148
       Troll leather arm |       |       |       |    45 ||    45
       Acid dragon scale |       |       |       |    31 ||    31
Dodge: Dodged            |    25 |    93 |    89 |   214 ||   421

Levels and vault maps discovered:
D:1:      nzn_arrival_water_spiral, layout_basic, serial_shops, shop,
          fountainhead
D:2:      minmay_general_purpose_star, layout_loops_ring, serial_shops,
          nicolae_diamond_shop, ebering_ecumenical_altar_box, basic_altar,
          uniq_natasha, uniq_jessica
D:3:      lemuel_castle_with_subvaults [lemuel_castle_interior_carwin_1],
          layout_loops_ring
D:4:      layout_basic, tgw_xom, nicolae_ashenzari_skybound
D:5:      layout_basic, overflow_temple_1_default, serial_shops,
          kennysheep_little_box, amcnicky_mini_pool_small,
          minmay_shop_enchanted_jewellery, uniq_pikel, uniq_grinder
D:6:      layout_basic, amethyst_killhole, st_stairs_14
D:7:      minmay_angry_zag, layout_loops_corners,
          nicolae_dithmenos_through_a_glass_darkly,
          mainiacjoe_overflow_alcove_4, minmay_temple_entry_glassed_door,
          dk_noncrumbling_4, minivault_11, uniq_duvessa
D:8:      layout_gridville, dreamdust_deal_with_the_devil, uniq_maurice
D:9:      layout_roguey, nicolae_overflow_hallway_of_the_gods, uniq_amaemon,
          uniq_erica
D:10:     layout_irregular_city, lemuel_coloured_pillars_altar, orc_0_dummy,
          minmay_guarded_unrand_variability
D:11:     layout_long_grid
D:12:     layout_loops_corners, serial_shops, shop, uniq_nessos, uniq_azrael,
          uniq_nergalle
Temple:   nicolae_temple_cloud_nine

Notes
Turn   | Place    | Note
-------+----------+-------------------------------------------
     0 | D:1      | sanka the Troll Monk began the quest for the Orb.
     0 | D:1      | Reached XP level 1. HP: 22/22 MP: 0/0
   100 | D:1      | Found Upnuul's Distillery.
   107 | D:1      | Bought a potion of heal wounds for 50 gold pieces
   220 | D:1      | Reached XP level 2. HP: 29/29 MP: 1/1
   422 | D:1      | Bought a potion of lignification for 30 gold pieces
   422 | D:1      | Bought a potion of degeneration for 10 gold pieces
   460 | D:2      | Reached skill level 4 in Unarmed Combat
   534 | D:2      | Noticed Jessica
   556 | D:2      | Killed Jessica
   557 | D:2      | Reached XP level 3. HP: 24/36 MP: 2/2
   686 | D:2      | Found a basalt altar of Yredelemnul.
   854 | D:2      | Found Guqamer's Magic Scroll Boutique.
   869 | D:2      | Bought a scroll of identify for 24 gold pieces
   869 | D:2      | Bought a scroll of fear for 48 gold pieces
   999 | D:2      | Found a faded altar of an unknown god.
  1004 | D:2      | Reached skill level 5 in Unarmed Combat
  1004 | D:2      | Reached XP level 4. HP: 43/44 MP: 3/3
  1122 | D:2      | Noticed Natasha
  1136 | D:2      | Killed Natasha
  1208 | D:2      | Noticed Natasha
  1213 | D:2      | Killed Natasha
  1512 | D:2      | Found a basalt altar of Yredelemnul.
  1633 | D:2      | Found Guqamer's Magic Scroll Boutique.
  1792 | D:2      | Found a faded altar of an unknown god.
  1809 | D:2      | Noticed Natasha
  1813 | D:2      | Killed Natasha
  1814 | D:2      | Reached XP level 5. HP: 50/50 MP: 4/4
  1990 | D:3      | Reached skill level 6 in Unarmed Combat
  2146 | D:3      | Reached XP level 6. HP: 58/59 MP: 5/5
  2150 | D:3      | Reached skill level 7 in Unarmed Combat
  2598 | D:3      | Reached skill level 8 in Unarmed Combat
  2600 | D:3      | Reached XP level 7. HP: 58/66 MP: 6/6
  2883 | D:1      | Bought 2 potions of curing for 60 gold pieces
  2883 | D:1      | Bought a potion of flight for 30 gold pieces
  3085 | D:4      | Found a broken altar of Ashenzari.
  3481 | D:4      | Found a shimmering altar of Xom.
  3692 | D:5      | Entered Level 5 of the Dungeon
  3759 | D:5      | Found Uriavosy's Book Shoppe.
  3770 | D:5      | Noticed Grinder
  3797 | D:5      | Killed Grinder
  3798 | D:5      | Reached skill level 9 in Unarmed Combat
  3816 | D:5      | Found Buxuom's Jewellery Emporium.
  4005 | D:5      | Reached XP level 8. HP: 56/74 MP: 7/7
  4059 | D:5      | Reached skill level 10 in Unarmed Combat
  4274 | D:5      | Found a snail-covered altar of Cheibriados.
  4274 | D:5      | Noticed Pikel
  4284 | D:5      | Killed Pikel
  4285 | D:5      | Reached skill level 3 in Fighting
  4288 | D:5      | Reached skill level 4 in Fighting
  4325 | D:5      | Identified the +5 sling "Dogaos" {venom, Will- MP+9 Dex+3}
  4545 | D:5      | Reached skill level 11 in Unarmed Combat
  4722 | D:6      | Reached XP level 9. HP: 85/85 MP: 8/8
  5446 | D:7      | Reached skill level 5 in Fighting
  5610 | D:7      | Found a staircase to the Ecumenical Temple.
  5655 | D:7      | Found a white marble altar of Elyvilon.
  5687 | Temple   | Entered the Ecumenical Temple
  5721 | Temple   | Became a worshipper of Warmaster Okawaru
  5721 | Temple   | Reached * piety under Okawaru
  5721 | Temple   | Reached ** piety under Okawaru
  5798 | D:7      | Noticed Duvessa
  5802 | D:7      | Noticed Dowan
  5805 | D:7      | Killed Duvessa
  5813 | D:7      | Killed Dowan
  5906 | D:7      | Reached skill level 6 in Fighting
  6153 | D:7      | Reached skill level 12 in Unarmed Combat
  6382 | D:7      | Found a shadowy altar of Dithmenos.
  6511 | D:9      | Found a blossoming altar of Fedhas.
  6511 | D:9      | Found a stormy altar of Qazlal.
  6511 | D:9      | Found a hide-covered altar of Uskayaw.
  6511 | D:9      | Found a sacrificial altar of Ru.
  6516 | D:9      | Found a radiant altar of Vehumet.
  6521 | D:9      | Found an ornate altar of the Wu Jian Council.
  6522 | D:9      | Found an opulent altar of Gozag.
  6576 | D:9      | Noticed Erica
  6583 | D:9      | Killed Erica
  6583 | D:9      | Reached *** piety under Okawaru
  6583 | D:9      | Noticed Amaemon
  6592 | D:9      | Noticed an orange demon
  6597 | D:9      | Killed Amaemon
  6598 | D:9      | Reached skill level 7 in Fighting
  6598 | D:9      | Reached XP level 10. HP: 14/102 MP: 7/9
  6634 | D:9      | Killed an orange demon
  6635 | D:9      | Reached skill level 2 in Invocations
  6855 | D:9      | Reached skill level 3 in Invocations
  7288 | D:9      | Reached skill level 4 in Invocations
  7464 | D:9      | Identified a scroll of acquirement
  7466 | D:9      | Acquired 1019 gold pieces
  7880 | D:5      | Bought a +4 ring of protection for 504 gold pieces
  7880 | D:5      | Bought a +4 ring of evasion for 504 gold pieces
  8291 | D:8      | Noticed Maurice
  8310 | D:8      | Killed Maurice
  8310 | D:8      | Reached **** piety under Okawaru
  8311 | D:8      | Reached skill level 13 in Unarmed Combat
  8795 | D:10     | Entered Level 10 of the Dungeon
  8795 | D:10     | Found a staircase to the Lair.
  8816 | D:10     | Reached skill level 8 in Fighting
  9048 | D:10     | Reached XP level 11. HP: 113/113 MP: 13/13
  9050 | D:10     | Reached ***** piety under Okawaru
  9054 | D:10     | Received a gift from Okawaru
  9146 | D:10     | Found an ancient bone altar of Kikubaaqudgha.
  9194 | D:10     | Found a staircase to the Orcish Mines.
  9441 | D:10     | Found a shimmering altar of Xom.
  9441 | D:10     | Found the +7 mace of Variability {chain chaos}
  9686 | D:11     | Noticed an eight-headed hydra
  9697 | D:11     | Killed a three-headed hydra
  9698 | D:11     | Reached skill level 9 in Fighting
  9698 | D:11     | Reached skill level 14 in Unarmed Combat
  9763 | D:11     | Noticed a two-headed ogre
  9778 | D:11     | Identified +0 acid dragon scales
  9789 | D:11     | Killed a two-headed ogre
  9927 | D:11     | Noticed a two-headed ogre
  9936 | D:11     | Killed a two-headed ogre
 10054 | D:11     | Received a gift from Okawaru
 10132 | D:11     | Noticed a boulder beetle
 10143 | D:11     | Killed a boulder beetle
 10359 | D:12     | Noticed Nergalle
 10373 | D:12     | Killed Nergalle
 10557 | D:12     | Reached skill level 5 in Invocations
 10557 | D:12     | Noticed Azrael
 10569 | D:12     | Killed Azrael
 10570 | D:12     | Reached skill level 10 in Fighting
 10608 | D:12     | Reached ****** piety under Okawaru
 10624 | D:12     | Identified the quicksilver dragon scales of Jigsaw {rPois
                  | Will+ rCorr Slay-5 SInv} (Okawaru gifted it to you on level
                  | 12 of the Dungeon)
 10624 | D:12     | Received a gift from Okawaru
 10625 | D:12     | Reached XP level 12. HP: 14/126 MP: 11/15
 10625 | D:12     | HP: 3/126 [hell hound/blast of flame[Azrael] (12)]
 10629 | D:12     | Noticed Nessos
 10631 | D:12     | HP: 5/126 [Nessos/arrow (11)]
 10631 | D:12     | Shot with an arrow by Nessos

Vanquished Creatures
  Azrael (D:12)
  A hydra (D:11)
  A boulder beetle (D:11)
  2 two-headed ogres (D:11)
  Erica (D:9)
  Nergalle (D:12)
  Amaemon (D:9)
  Pikel (D:5)
  Maurice (D:8)
  2 gargoyles (D:12)
  An orange demon (D:9)
  An unseen horror (D:10)
  An efreet (D:11)
  A komodo dragon (D:11)
  3 trolls
  Grinder (D:5)
  3 wraiths
  A shadow (D:10)
  7 yaks
  A wyvern (D:7)
  3 fire elementals (D:12)
  2 chaos spawn (D:10)
  A basilisk (D:11)
  A steam dragon (D:6)
  4 vampire mosquitoes
  2 hell hounds (D:12)
  An acid dragon (D:11)
  A water moccasin (D:5)
  Duvessa (D:7)
  4 orc warriors
  An ice beast (D:6)
  A sky beast (D:5)
  A black bear (D:7)
  7 centaurs
  2 ogres
  3 bullfrogs
  A necrophage (D:8)
  A gnoll sergeant (D:8)
  4 wights (D:7)
  Dowan (D:7)
  9 killer bees
  3 howler monkeys
  2 jellies
  4 orc priests
  5 hounds
  A gnoll bouda (D:9)
  Jessica (D:2)
  Natasha (thrice) (D:2)
  3 iguanas
  12 orc wizards
  6 adders
  23 gnolls
  2 shadow imps (D:6)
  3 white imps
  A worm (D:2)
  A dart slug (D:5)
  54 orcs
  3 bats
  10 endoplasms
  A giant cockroach (D:1)
  7 goblins
  5 hobgoblins
  17 jackals
  A quokka (D:4)
  2 ball pythons
  5 frilled lizards
  6 kobolds
  4 rats
268 creatures vanquished.

Vanquished Creatures (others)
  A fungus (D:3)
1 creature vanquished.

Grand Total: 269 creatures vanquished
